 Dungeon Crawl Stone Soup version 0.18.1-2-ga659475 (webtiles) character file.

123375 Scarto the Bludgeoner (level 16, -4/108 HPs)
             Began as a Gargoyle Berserker on May 8, 2016.
             Was a High Priest of Trog.
             Killed from afar by a thorn hunter (26 damage)
             ... with a volley of thorns
             ... on level 3 of the Swamp.
             The game lasted 01:18:50 (25003 turns).

Scarto the Bludgeoner (Gargoyle Berserker)         Turns: 25003, Time: 01:18:51

Health: -4/108     AC: 42    Str: 26    XL:     16   Next: 90%
Magic:  14/14      EV: 12    Int: 10    God:    Trog [*****.]
Gold:   2496       SH:  3    Dex:  9    Spells: 0 memorised, 15 levels left

rFire  + + +     SeeInvis .     j - +13 great mace of Destruction {crush, +Rage Stlth+}
rCold  + . .     Gourm    .     m - +0 plate armour
rNeg   + . .     Faith    .     (shield currently unavailable)
rPois  ∞         Spirit   .     r - +2 helmet
rElec  +         Dismiss  .     y - +2 cloak
rCorr  .         Reflect  +     X - +1 pair of gloves {rF+}
SustAt .         Harm     .     L - +2 pair of boots
MR     ++...                    W - +3 amulet of reflection
Stlth  ..........               B - ring of protection from fire
                                s - ring of protection from cold

@: about to teleport, very resistant to hostile enchantments, extremely
unstealthy
A: big wings, repulsion field 1, blink, deterioration 1, fire resistance 2, low
mp 1, magic resistance 1, negative energy resistance 1, shaggy fur 1,
electricity resistance, unbreathing, evolution 1, petrification resistance, rot
immunity, AC +11
a: Fly, Blink, Berserk, Trog's Hand, Brothers in Arms, Burn Spellbooks, Renounce
Religion, Evoke Berserk Rage


You were on level 3 of the Swamp.
You worshipped Trog.
Trog was extremely pleased with you.
You were full.

You visited 4 branches of the dungeon, and saw 29 of its levels.
You also visited: Volcano.

You collected 3300 gold pieces.
You spent 804 gold pieces at shops.

Inventory:

Hand Weapons
 j - the +13 great mace of Destruction (weapon) {crush, +Rage Stlth+}
   (Trog gifted it to you on level 11 of the Dungeon)

   It inflicts extra damage upon your enemies.
   It lets you go berserk.
   It makes you more stealthy.
 w - the +9 dagger "Titz" {antimagic, rElec rN+ MR- Dex+2}
   (You found it on level 5 of the Dungeon)

   It disrupts the flow of magical energy around spellcasters and certain
   magical creatures (including the wielder).
   It affects your dexterity (+2).
   It insulates you from electricity.
   It protects you from negative energy.
   It affects your resistance to hostile enchantments.
 C - the +8 demon blade "Bloodbane" {slice, *Rage +Rage Stlth-}
   (You found it on level 9 of the Dungeon)

   It inflicts extra damage upon your enemies.
   It lets you go berserk.
   It may make you go berserk in combat.
   It makes you less stealthy.
 Q - the +7 shortbow "Wibroe Laol" {flame, rC+ SInv Stlth-}
   (Trog gifted it to you on level 1 of the Orcish Mines)

   It causes projectiles fired from it to burn those they strike, causing extra
   injury to most foes and up to half again as much damage against particularly
   susceptible opponents.
   It protects you from cold.
   It lets you see invisible.
   It makes you less stealthy.
Missiles
 J - 33 tomahawks (quivered)
Armour
 m - a +0 plate armour (worn)
 r - a +2 helmet (worn)
 v - a +2 buckler
 y - a +2 cloak (worn)
 L - a +2 pair of boots (worn)
 S - a steam dragon hide
 V - a swamp dragon hide
 X - a +1 pair of gloves of fire resistance (worn)
Jewellery
 s - a ring of protection from cold (left hand)
 B - a ring of protection from fire (right hand)
 M - an uncursed ring of positive energy
 W - a +3 amulet of reflection (around neck)
Wands
 f - a wand of iceblast (4/15)
 g - a wand of slowing (24/48)
 t - a wand of iceblast (10/15)
 O - a wand of flame (30/48)
 P - a wand of flame (16/48)
 T - a wand of flame (23/48)
Scrolls
 e - 16 scrolls of remove curse
 k - a scroll of fog
 n - a scroll of blinking
 z - a scroll of magic mapping
 A - 6 scrolls of fear
 G - 4 scrolls of summoning
 N - 3 scrolls of teleportation
Potions
 a - 4 potions of brilliance
 h - 4 potions of curing
 i - 5 potions of might
 l - 2 potions of agility
 o - a potion of resistance
 x - 4 potions of flight
 D - 2 potions of cancellation
 E - a potion of lignification
 I - 2 potions of haste
 K - a potion of invisibility
 U - a potion of berserk rage
Miscellaneous
 F - a crystal ball of energy
Comestibles
 c - 2 bread rations
 d - 12 meat rations
 p - 7 slices of pizza
 q - 3 royal jellies
 u - 28 fruits
 R - 5 beef jerkies


   Skills:
 + Level 15.5 Fighting
 + Level 5.5(5.8) Short Blades
 + Level 2.6(4.4) Long Blades
 + Level 16.4 Maces & Flails
 + Level 1.0 Throwing
 + Level 14.3 Armour
 + Level 8.5 Dodging
 + Level 3.3 Stealth
 + Level 10.3 Shields


You had 15 spell levels left.
You didn't know any spells.

Dungeon Overview and Level Annotations

Branches:
Dungeon (15/15)            Temple (0/1) D:4            Lair (8/8) D:10
  Swamp (4/4) Lair:5       Spider (0/4) Lair:6        Slime (0/6) Lair:6
    Orc (2/2) D:11            Elf (0/3) Orc:2        Vaults (0/5) D:14
 Depths (0/5) D:15

Altars:
Ashenzari
Dithmenos
Elyvilon
Gozag
Kikubaaqudgha
Ru
Vehumet
The Shining One
Jiyva

Shops:
D:7 %   D:8 ?   D:10 %[?!}   Orc:2 (!**


Innate Abilities, Weirdness & Mutations

You are resistant to torment.
Your stone body is resilient (AC +11).
You are immune to poison.
Your large and strong wings let you fly indefinitely.
You resist negative energy.
You are resistant to electric shocks.
You can survive without breathing.
You are immune to petrification.
You are immune to rotting.
You are surrounded by a mild repulsion field (EV +2).
You can translocate small distances at will.
Your body sometimes deteriorates upon taking damage.
Your flesh is very heat resistant.
Your magical capacity is low (-10% MP).
You are resistant to hostile enchantments.
You are covered in fur (AC +1).
You evolve.


Message History

The swamp dragon moves out of view.
The swamp drake bites you but does no damage.
You climb upwards.
There is a stone staircase leading down here.
Read which item? (? for menu, Esc to quit)
As you read the scroll of teleportation, it crumbles to dust.
You feel strangely unstable.
Your skin stops crawling.
You feel less resistant to hostile enchantments.
The vampire mosquito bites you but does no damage.
The swamp drake completely misses you.
The thorn hunter fires a volley of thorns at you.
The volley of thorns hits you!
* * * LOW HITPOINT WARNING * * *
The swamp drake bites you but does no damage.
The vampire mosquito closely misses you.
The vampire mosquito bites you but does no damage.
The thorn hunter fires a volley of thorns at you.
The volley of thorns hits you!
You die...

♣≈.♣
♣.♣♣♣..≈≈≈..♣♣
♣.≈..≈).. ♣.>♣
♣.♣ ♣♣≈≈≈≈.♣♣
♣...≈≈≈.. ♣≈≈♣
♣.♣ ♣)♣≈≈.♣
♣♣.≈≈≈≈.≈ ♣≈≈♣
♣.♣ ♣..≈..♣
♣.≈≈≈.≈≈ ♣≈♣♣
♣♣.♣ ♣♣.♣.♣♣
♣.≈≈..†≈ ♣.♣
♣..♣ ♣...♣
♣.♣≈.≈≈♣ ♣≈♣
♣..♣ ♣.).♣
♣.≈≈≈≈≈. ♣≈♣
♣♣.≈♣ ♣..♣♣
♣.≈≈≈.≈♣ ♣.♣
♣♣≈≈≈♣ ♣f@♣
♣.≈≈≈≈≈. ♣.♣
♣.≈.♣♣ ♣♣yk♣
♣.≈≈≈≈.♣ ♣.♣
♣♣^.♣ ♣..k♣♣
♣.≈≈≈.♣♣ ♣♣♣
♣...♣ ♣♣..<♣♣
♣≈≈≈≈.♣ ♣♣...♣
♣...≈≈♣♣
♣♣≈≈..♣ ♣.♣≈♣♣
♣...♣♣.♣
♣♣♣.♣♣ ♣♣♣♣♣
♣.♣.♣♣♣♣ ♣.♣
♣♣♣♣♣ ♣♣♣


You could see a thorn hunter, 2 swamp drakes and a vampire mosquito.

Vanquished Creatures
  Rupert (Lair:7)
  Roxanne (Swamp:3)
  An orc warlord (Orc:2)
  The ghost of pedritolo the Grappler, a journeyman MiMo of Okawaru (D:15)
  Nessos (Orc:2)
  An ettin (D:15)
  Snorg (Orc:1)
  4 ghost crabs
  3 catoblepae (Lair:8)
  12 hydras
  7 alligators
  A centaur warrior (D:15)
  2 dancing weapons (D:14)
  2 ogre magi
  A tengu warrior (D:13)
  2 orc high priests (Orc:2)
  10 death yaks
  Urug (Lair:2)
  Nergalle (D:10)
  3 skeletal warriors (D:14)
  2 unseen horrors
  2 swamp dragons
  4 hill giants
  A deep troll (D:15)
  A shambling mangrove (Swamp:2)
  5 orc knights (Orc:2)
  A wolf spider zombie (D:15)
  A deep elf mage (D:15)
  3 griffons
  3 orc sorcerers
  An ugly thing (D:12)
  An oklob plant (Lair:4)
  5 cyclopes
  9 elephants (Lair:6)
  3 manticores
  A toenail golem (Volcano)
  2 centaur zombies
  3 black mambas
  Joseph (Lair:1)
  3 torpor snails
  2 gargoyles
  22 spiny frogs
  The ghost of HungrySpirit the Cudgeler, a novice FoIE of Okawaru (D:4)
  A rime drake (Lair:6)
  The ghost of HungrySpirit the Cudgeler, a novice FoIE of Okawaru (D:6)
  8 komodo dragons
  An efreet (Volcano)
  2 red devils (Volcano)
  3 tengu conjurers
  3 trolls
  2 polar bears
  4 giant leeches
  Prince Ribbit (D:8)
  Grinder (D:3)
  4 slime creatures (D:10)
  29 blink frogs
  5 bog bodies
  A boulder beetle (Lair:5)
  Sigmund (D:5)
  A shadow (D:11)
  61 yaks
  A vampire (D:12)
  6 spriggans
  A human (D:11)
  A hungry ghost (D:10)
  Grum (Lair:1)
  2 basilisks
  2 hogs (D:11)
  A wyvern (D:11)
  11 vampire mosquitoes
  7 hippogriffs
  6 wargs
  5 insubstantial wisps
  Edmund (D:4)
  2 steam dragons
  14 swamp worms
  13 water moccasins
  2 hell hounds (Volcano)
  11 porcupines
  4 sky beasts
  4 ice beasts
  A black bear (D:7)
  27 orc warriors
  7 swamp drakes
  An eye of draining (D:10)
  9 wasps
  18 ogres
  3 phantoms
  6 wolves
  7 centaurs
  15 crocodiles
  4 big kobolds
  13 giant frogs
  A gnoll sergeant (D:6)
  2 wyvern zombies
  4 scorpions
  21 wights
  9 killer bees
  2 electric eels
  A vampire bat (D:4)
  3 howler monkeys
  4 crimson imps
  A lava snake (Lair:2)
  A giant frog zombie (D:5)
  3 jellies
  3 hounds
  2 giant frog skeletons
  18 orc priests
  6 centaur skeletons
  35 orc wizards
  Terence (D:2)
  13 iguanas
  15 worker ants
  A statue (D:8)
  21 sheep
  A hound zombie (D:6)
  2 hound skeletons
  7 gnolls
  15 adders
  2 howler monkey skeletons
  90 river rats
  2 shadow imps
  4 oozes
  2 adder skeletons
  3 worms
  4 dart slugs
  6 fire bats
  5 giant geckos
  78 orcs
  2 spectral bats (D:4)
  A ball python (D:1)
  15 bats
  3 bat skeletons (D:4)
  4 bat zombies
  8 giant cockroaches
  5 goblins
  6 hobgoblins
  4 jackals (D:8)
  25 kobolds
  3 quokkas
  A bat simulacrum (D:4)
  A giant gecko skeleton (D:6)
  A giant gecko zombie (D:6)
  8 giant newts
  3 rats
  2 rat zombies (D:2)
  2 fungi
950 creatures vanquished.

Vanquished Creatures (collateral kills)
  3 acid blobs (Lair:6)
  3 orc high priests (Orc:2)
  2 death yaks (Lair:8)
  A skeletal warrior (D:14)
  4 orc sorcerers (Orc:2)
  An oklob plant (Lair:4)
  A troll (Orc:1)
  A yak (Lair:8)
  A vampire mosquito (Swamp:4)
  7 orc warriors (Orc:2)
  An ogre (Orc:1)
  2 orc priests (Orc:2)
  2 orc wizards
  2 river rats (Lair:4)
  8 orcs
39 creatures vanquished.

Vanquished Creatures (others)
  A hydra (Swamp:4)
  A giant leech (Swamp:4)
  4 insubstantial wisps (Swamp:4)
  2 swamp drakes (Swamp:4)
  15 fungi
  3 plants
26 creatures vanquished.

Grand Total: 1015 creatures vanquished

Notes
Turn   | Place    | Note
--------------------------------------------------------------
     0 | D:1      | Scarto the Gargoyle Berserker began the quest for the Orb.
     0 | D:1      | Reached XP level 1. HP: 14/14 MP: 1/1
   110 | D:1      | Reached XP level 2. HP: 19/19 MP: 2/2
   265 | D:1      | Reached XP level 3. HP: 24/24 MP: 3/3
   428 | D:2      | Noticed Terence
   451 | D:2      | Killed Terence
   454 | D:2      | Reached XP level 4. HP: 4/29 MP: 4/4
  1130 | D:2      | Reached ** piety under Trog
  1130 | D:2      | Reached XP level 5. HP: 34/34 MP: 5/5
  1382 | D:2      | Found an ancient bone altar of Kikubaaqudgha.
  1452 | D:2      | Reached skill level 4 in Maces & Flails
  1627 | D:3      | Noticed Grinder
  1671 | D:3      | Paralysed by Grinder for 5 turns
  1702 | D:3      | Paralysed by Grinder for 5 turns
  1716 | D:3      | Killed Grinder
  1716 | D:3      | Reached XP level 6. HP: 39/39 MP: 6/6
  1863 | D:3      | Found an opulent altar of Gozag.
  2283 | D:4      | Noticed Edmund
  2322 | D:4      | Killed Edmund
  2322 | D:4      | Reached skill level 5 in Fighting
  2322 | D:4      | Reached XP level 7. HP: 38/44 MP: 7/7
  2492 | D:4      | Found a staircase to the Ecumenical Temple.
  2631 | D:4      | Found a glowing golden altar of the Shining One.
  2673 | D:4      | Reached *** piety under Trog
  2773 | D:4      | Noticed HungrySpirit's ghost (novice FoIE)
  2799 | D:4      | Killed HungrySpirit's ghost
  2799 | D:4      | Reached skill level 5 in Maces & Flails
  2799 | D:4      | Reached skill level 1 in Shields
  2799 | D:4      | Reached XP level 8. HP: 39/49 MP: 8/8
  2805 | D:4      | Found a sacrificial altar of Ru.
  2988 | D:4      | Reached skill level 5 in Armour
  3159 | D:4      | Reached skill level 5 in Dodging
  3283 | D:5      | Entered Level 5 of the Dungeon
  3414 | D:5      | Got a scorched dagger
  3415 | D:5      | Identified the +9 dagger "Titz" {antimagic, rElec rN+ MR- Dex+2} (You found it on level 5 of the Dungeon)
  3664 | D:5      | Noticed Sigmund
  3683 | D:5      | Killed Sigmund
  3718 | D:5      | Reached skill level 6 in Maces & Flails
  3718 | D:5      | Reached XP level 9. HP: 37/55 MP: 9/9
  4239 | D:6      | Noticed HungrySpirit's ghost (novice FoIE)
  4244 | D:6      | Reached skill level 1 in Stealth
  4253 | D:6      | Killed HungrySpirit's ghost
  4325 | D:6      | Reached **** piety under Trog
  4475 | D:6      | Reached skill level 1 in Short Blades
  4578 | D:6      | Found a white marble altar of Elyvilon.
  4707 | D:7      | Found Zugavi Hoyh's Food Emporium.
  5081 | D:7      | Reached skill level 5 in Shields
  5428 | D:8      | Noticed Prince Ribbit
  5440 | D:8      | Killed Prince Ribbit
  5440 | D:8      | Reached XP level 10. HP: 48/61 MP: 3/10
  5538 | D:8      | Reached ***** piety under Trog
  5616 | D:8      | Found a shattered altar of Ashenzari.
  5707 | D:8      | Found Cuufrei's Magic Scroll Emporium.
  5715 | D:8      | Bought a scroll of enchant armour for 97 gold pieces
  5715 | D:8      | Bought a scroll of identify for 26 gold pieces
  5715 | D:8      | Bought a scroll of identify for 26 gold pieces
  5715 | D:8      | Bought a scroll of identify for 26 gold pieces
  5715 | D:8      | Bought a scroll of identify for 26 gold pieces
  5724 | D:8      | Found a radiant altar of Vehumet.
  6553 | D:9      | Found a shadowy altar of Dithmenos.
  6595 | D:10     | Entered Level 10 of the Dungeon
  6595 | D:10     | Found Legetzai's Gadget Boutique.
  6617 | D:10     | Found Jariluov's Magic Scroll Boutique.
  6625 | D:10     | Bought a scroll of remove curse for 39 gold pieces
  6625 | D:10     | Bought 2 scrolls of remove curse for 78 gold pieces
  6625 | D:10     | Bought a scroll of identify for 26 gold pieces
  6637 | D:10     | Found a staircase to the Lair.
  6651 | D:10     | Found Jecwes's Food Shop.
  6679 | D:10     | Noticed Nergalle
  6683 | D:10     | Noticed a spectral orc warlord
  6690 | D:10     | Killed Nergalle
  6690 | D:10     | Reached skill level 1 in Long Blades
  6755 | D:10     | Found Memout's Armour Shoppe.
  7235 | D:10     | Reached XP level 11. HP: 64/67 MP: 3/11
  7239 | D:10     | Noticed a hill giant
  7253 | D:10     | Killed a hill giant
  7444 | D:10     | Found Soomi's Distillery.
  7452 | D:10     | Bought a potion of heal wounds for 75 gold pieces
  7452 | D:10     | Bought a potion of heal wounds for 75 gold pieces
  7452 | D:10     | Bought a potion of mutation for 37 gold pieces
  8093 | D:11     | Received a gift from Trog
  8159 | D:11     | Reached skill level 5 in Short Blades
  8180 | D:11     | Got a dazzling great mace {god gift}
  8203 | D:11     | Identified the +13 great mace of Destruction {crush, +Rage Stlth+} (Trog gifted it to you on level 11 of the Dungeon)
  8225 | D:11     | Found a staircase to the Orcish Mines.
  8590 | D:11     | Gained mutation: You are surrounded by a mild repulsion field (EV +2). [mutagenic meat]
  8591 | D:11     | Gained mutation: You are clumsy. (Dex -2) [mutagenic meat]
  8592 | D:11     | Gained mutation: You are frail (-10% HP). [mutagenic meat]
  8593 | D:11     | Gained mutation: Your magical capacity is low (-10% MP). [mutagenic meat]
  8594 | D:11     | Gained mutation: Your flesh is heat resistant. [potion of mutation]
  8594 | D:11     | Gained mutation: Your muscles are strong. (Str +2) [potion of mutation]
  8594 | D:11     | Gained mutation: Your body sometimes deteriorates upon taking damage. [potion of mutation]
  8707 | D:12     | Noticed a manticore
  8715 | D:12     | Killed a manticore
  8785 | D:12     | Noticed a green ugly thing
  8794 | D:12     | Killed a green ugly thing
  8799 | D:12     | Gained mutation: Your body often deteriorates upon taking damage. [mutagenic meat]
  8800 | D:12     | Lost mutation: You are clumsy. (Dex -2) [mutagenic meat]
  8805 | D:12     | Lost mutation: Your muscles are strong. (Str +2) [potion of cure mutation]
  8805 | D:12     | Lost mutation: You are frail (-10% HP). [potion of cure mutation]
  8805 | D:12     | Lost mutation: Your body often deteriorates upon taking damage. [potion of cure mutation]
  8805 | D:12     | Lost mutation: Your magical capacity is low (-10% MP). [potion of cure mutation]
  8818 | D:12     | Noticed a cyclops
  8826 | D:12     | Killed a cyclops
  8905 | D:12     | Reached skill level 7 in Maces & Flails
  8905 | D:12     | Reached XP level 12. HP: 35/76 MP: 12/12
  9956 | D:13     | Noticed a tengu warrior
  9964 | D:13     | Killed a tengu warrior
  9964 | D:13     | Reached skill level 10 in Fighting
  9974 | D:13     | Reached skill level 8 in Maces & Flails
 10355 | D:14     | Reached skill level 10 in Armour
 10371 | D:14     | Found a gate to the Vaults.
 10407 | D:14     | Reached skill level 9 in Maces & Flails
 10512 | D:14     | Reached XP level 13. HP: 47/84 MP: 13/13
 10878 | D:14     | Found an ancient bone altar of Kikubaaqudgha.
 11145 | D:14     | Got a faintly glowing chain mail
 11146 | D:14     | Identified the cursed +1 chain mail of the Untouchables {rN+ MP+9} (You found it on level 14 of the Dungeon)
 11186 | D:15     | Entered Level 15 of the Dungeon
 11197 | D:15     | Reached skill level 10 in Maces & Flails
 11239 | D:15     | Noticed pedritolo's ghost (journeyman MiMo)
 11259 | D:15     | Killed pedritolo's ghost
 11374 | D:15     | Noticed an ettin
 11386 | D:15     | Killed an ettin
 11677 | D:15     | Reached skill level 11 in Maces & Flails
 11863 | D:15     | Found a staircase to the Depths.
 12280 | Lair:1   | Entered Level 1 of the Lair of Beasts
 12372 | Lair:1   | Noticed Grum
 12402 | Lair:1   | Killed Grum
 12631 | Lair:1   | Received a gift from Trog
 12724 | Lair:1   | Noticed Joseph
 12733 | Lair:1   | Killed Joseph
 12865 | Lair:2   | Noticed Urug
 12873 | Lair:2   | Killed Urug
 13073 | Lair:2   | Gained mutation: Your flesh is very heat resistant. [potion of mutation]
 13073 | Lair:2   | Gained mutation: You are covered in fur (AC +1). [potion of mutation]
 13122 | Lair:2   | Gained mutation: Your large and strong wings let you fly indefinitely. [Gargoyle growth]
 13122 | Lair:2   | Reached XP level 14. HP: 66/92 MP: 14/14
 13556 | Lair:2   | Reached skill level 12 in Maces & Flails
 14294 | Lair:3   | Reached ****** piety under Trog
 14568 | Lair:3   | Received a gift from Trog
 16030 | Lair:5   | Found a staircase to the Swamp.
 16368 | Lair:5   | Reached skill level 13 in Maces & Flails
 16549 | Lair:5   | Received a gift from Trog
 16695 | Lair:6   | Found a runed door.
 16695 | Lair:6   | Found a viscous altar of Jiyva.
 16696 | Lair:6   | Noticed an acid blob
 16696 | Lair:6   | Noticed an acid blob
 16698 | Lair:6   | Noticed an acid blob
 16699 | Lair:6   | Found a staircase to the Slime Pits.
 16714 | Lair:6   | Killed an acid blob
 16717 | Lair:6   | Killed an acid blob
 16718 | Lair:6   | Killed an acid blob
 17135 | Lair:6   | Found a hole to the Spider Nest.
 17251 | Lair:6   | Reached XP level 15. HP: 85/99 MP: 15/15
 17721 | Lair:7   | Identified a scroll of acquirement
 17722 | Lair:7   | Got a steaming hat
 17733 | Lair:7   | Identified the +0 hat "Foetz" {rPois} (You acquired it on level 7 of the Lair of Beasts)
 17932 | Lair:7   | Gained mutation: You are resistant to hostile enchantments. [potion of mutation]
 17932 | Lair:7   | Gained mutation: You evolve. [potion of mutation]
 18169 | Lair:7   | Noticed Rupert
 18179 | Lair:7   | Killed Rupert
 18179 | Lair:7   | Received a gift from Trog
 18360 | Lair:7   | Reached skill level 14 in Maces & Flails
 18442 | Lair:8   | Entered Level 8 of the Lair of Beasts
 18465 | Lair:8   | Gained mutation: You can translocate small distances at will. [evolution]
 18859 | Lair:8   | Reached skill level 10 in Shields
 19830 | Orc:1    | Entered Level 1 of the Orcish Mines
 19833 | Orc:1    | Received a gift from Trog
 19839 | Orc:1    | Got a smoking shortbow {god gift}
 19841 | Orc:1    | Identified the +7 shortbow "Wibroe Laol" {flame, rC+ SInv Stlth-} (Trog gifted it to you on level 1 of the Orcish Mines)
 20047 | Orc:1    | Noticed Snorg
 20055 | Orc:1    | Killed Snorg
 20058 | Orc:1    | Found a dark tunnel.
 20542 | Volcano  | Entered a volcano
 20850 | Orc:2    | Entered Level 2 of the Orcish Mines
 20850 | Orc:2    | Noticed Nessos
 20851 | Orc:2    | Found a staircase to the Elven Halls.
 20860 | Orc:2    | Killed Nessos
 20937 | Orc:2    | Reached skill level 15 in Maces & Flails
 21094 | Orc:2    | Reached XP level 16. HP: 86/107 MP: 16/16
 21350 | Orc:2    | Received a gift from Trog
 21719 | Orc:2    | Gained mutation: Your magical capacity is low (-10% MP). [a neqoxec]
 21720 | Orc:2    | Paralysed by an orc sorcerer for 7 turns
 22090 | Orc:2    | Received a gift from Trog
 22132 | Orc:2    | Found Ezafijom's Distillery.
 22132 | Orc:2    | Found Boeryax's Antique Weapon Shoppe.
 22134 | Orc:2    | Found Joecvif's Assorted Antiques.
 22134 | Orc:2    | Found Laemuck's General Store.
 22141 | Orc:2    | Bought a potion of curing for 39 gold pieces
 22141 | Orc:2    | Bought 2 potions of heal wounds for 130 gold pieces
 22141 | Orc:2    | Bought a potion of curing for 39 gold pieces
 22141 | Orc:2    | Bought a potion of heal wounds for 65 gold pieces
 22540 | Swamp:1  | Entered Level 1 of the Swamp
 22910 | Swamp:1  | Reached skill level 15 in Fighting
 23063 | Swamp:1  | Reached skill level 1 in Throwing
 24021 | Swamp:2  | Reached skill level 16 in Maces & Flails
 24411 | Swamp:3  | Noticed Roxanne
 24426 | Swamp:3  | Killed Roxanne
 24428 | Swamp:3  | Identified Roxanne's Papyrus of Earth (You took it off Roxanne on level 3 of the Swamp)
 24541 | Swamp:3  | Received a gift from Trog
 24942 | Swamp:4  | Entered Level 4 of the Swamp
 24990 | Swamp:4  | Noticed a thorn hunter
 25003 | Swamp:3  | Killed from afar by a thorn hunter

Skill      XL: |  1  2  3  4  5  6  7  8  9 10 11 12 13 14 15 16 |
---------------+-------------------------------------------------+-----
Fighting       | 4 5 6 7 9 10 12 13 14 15 | 15.5
Dodging        | 2 3 4 5 6 7 8 |  8.5
Maces & Flails | 4 5 6 7 9 11 13 15 16 | 16.4
Armour         | 3 4 5 6 7 9 10 12 13 14 | 14.3
Shields        | 1 2 5 7 9 10 | 10.3
Stealth        | 1 2 3 |  3.3
Short Blades   | 2 4 5 |  5.5
Long Blades    | 2 |  2.6
Throwing       | 1 |  1.0

Action                   |  1- 3 |  4- 6 |  7- 9 | 10-12 | 13-15 | 16-18 || total
-------------------------+-------+-------+-------+-------+-------+-------++-------
Melee: Mace              |    68 |   418 |   279 |       |       |       ||   765
       Dagger            |       |       |   264 |   500 |       |       ||   764
       Demon blade       |       |       |       |    59 |       |       ||    59
       Great mace        |       |       |       |   275 |  1095 |   486 ||  1856
Throw: Tomahawk          |       |       |       |       |    10 |     3 ||    13
Invok: Berserk           |     1 |     2 |     3 |     6 |     8 |     1 ||    21
       Trog's Hand       |       |     2 |       |     5 |     8 |     3 ||    18
       Brothers in Arms  |       |       |       |       |     8 |     5 ||    13
       Burn Spellbooks   |       |       |       |       |     2 |     2 ||     4
  Use: Scroll            |       |     6 |     7 |    13 |    14 |     6 ||    46
       Potion            |       |       |     6 |     3 |     7 |     5 ||    21
 Stab: Sleeping          |     1 |       |       |       |       |       ||     1
       Distracted        |       |       |       |     1 |       |     2 ||     3
  Eat: Bread ration      |       |     2 |     3 |     4 |     4 |     4 ||    17
       Chunk             |       |       |     4 |    14 |    11 |     1 ||    30
       Beef jerky        |       |       |       |     1 |     1 |       ||     2
       Meat ration       |       |       |       |       |     2 |       ||     2
       Pizza             |       |       |       |       |     4 |       ||     4
Armor: Animal skin       |     6 |       |       |       |       |       ||     6
       Leather armour    |    16 |       |       |       |       |       ||    16
       Scale mail        |       |   280 |   196 |       |       |       ||   476
       Plate armour      |       |       |   103 |   848 |   920 |   536 ||  2407
       Ring mail         |       |       |    42 |       |       |       ||    42
Dodge: Dodged            |    44 |   286 |   331 |   531 |   770 |   394 ||  2356
Block: Buckler           |       |       |   206 |   205 |       |       ||   411
       Other             |       |       |       |       |    99 |    68 ||   167
